 Dungeon Crawl Stone Soup version 0.20.1-1-g8b1a95d (webtiles) character file.

504 FortyBot the Poker (level 7, 0/66 HPs)
             Began as a Naga Gladiator on Nov 4, 2017.
             Killed from afar by an orc wizard (3 damage)
             ... with a puff of flame
             ... on level 4 of the Dungeon.
             The game lasted 00:17:38 (4428 turns).

FortyBot the Poker (Naga Gladiator)                 Turns: 4428, Time: 00:17:38

Health: 0/66       AC:  8    Str: 16    XL:     7   Next: 17%
Magic:  7/7        EV:  9    Int:  8    God:
Gold:   208        SH:  0    Dex: 15    Spells: 4/6 levels left

rFire    . . .     SeeInvis +   a - +0 trident
rCold    + . .     Gourm    .   (no shield)
rNeg     + . .     Faith    .   o - +3 ring mail of the Engineer {rPois rC+}
rPois    +         Spirit   .   c - +0 helmet
rElec    .         Reflect  .   (no cloak)
rCorr    .         Harm     .   (no gloves)
MR       .....                  (no barding)
Stlth    +.........             (no amulet)
Regen    0.3/turn               g - ring of positive energy
MPRegen  0.1/turn               (no ring)

@: flying, very slow
A: stinger 1, see invisible, deformed body, poison resistance, screaming 1,
slowness 2, slow metabolism 1, spit poison 1, AC +2
a: Spit Poison


You were on level 4 of the Dungeon.
You were not hungry.

You visited 1 branch of the dungeon, and saw 4 of its levels.

You collected 208 gold pieces.

Inventory:

Hand Weapons
 a - a +0 trident (weapon)
Missiles
 k - 7 curare-tipped needles
 q - 107 stones (quivered)
Armour
 b - a +0 leather armour
 c - a +0 helmet (worn)
 o - the +3 ring mail of the Engineer (worn) {rPois rC+}
   (You found it on level 4 of the Dungeon)

   It protects you from cold.
   It protects you from poison.
Jewellery
 g - a ring of positive energy (left hand)
Scrolls
 l - 6 scrolls of remove curse
 n - a scroll of teleportation
 w - a scroll of noise {unknown}
Potions
 e - 3 potions of curing
 t - a potion of brilliance
 u - a potion of agility {unknown}
 v - a potion of might {unknown}
 x - a potion of ambrosia {unknown}
Books
 j - a book of Minor Magic

   Spells                             Type                      Level
   a - Magic Dart                     Conjuration                  1
   b - Blink                          Translocation                2
   c - Call Imp                       Summoning                    2
   d - Slow                           Hexes                        2
   e - Conjure Flame                  Conjuration/Fire             3
   f - Mephitic Cloud                 Conjuration/Poison/Air       3
Comestibles
 f - 2 bread rations
 h - 2 royal jellies
 i - 3 meat rations
 r - 3 fruits
 z - a chunk of flesh


   Skills:
 + Level 4.4 Fighting
 * Level 6.8 Polearms
 - Level 1.7 Throwing
 - Level 2.4 Dodging


You had 4 spell levels left.
You knew the following spells:

 Your Spells              Type           Power        Failure   Level  Hunger
a - Blink                 Tloc           N/A          77%         2    ###....


Dungeon Overview and Level Annotations

Branches:
Dungeon (4/15)
 Temple: D:4-7

Altars:
Ashenzari
Gozag
Hepliaklqana
Nemelex Xobeh
Xom

Annotations:
D:4 speculusfracta's ghost, amateur MiFi


Innate Abilities, Weirdness & Mutations

You cannot wear boots.
Your serpentine skin is tough. (AC +2)
You have supernaturally acute eyesight. (SInv)
Armour fits poorly on your strangely shaped body.
Your system is resistant to poisons. (rPois)
You cover ground very slowly.
You have a slow metabolism.
You can spit poison.
Your tail ends in a poisonous barb.
You occasionally shout uncontrollably at your foes.


Message History

The orc shouts!
An orc comes into view.
The orc shouts!
An orc wizard comes into view. It is wielding a dagger.
The orc wizard shouts!
An orc comes into view. It is wielding a club.
The orc shouts!
You hear an angry hiss.
Found 7 gold pieces and 2 scrolls of identify.
A frilled lizard, a giant cockroach and 2 orcs come into view.
It was a potion of mutation.
You feel extremely strange.
You feel the urge to shout.
A poisonous barb forms on the end of your tail.
The orc shouts!
The orc moves out of view.
It was a potion of flight.
You feel very buoyant.
You fly up into the air.
The orc wizard casts a spell at you. The puff of flame hits you!
You die...

##....####...
#..#..# ..
#.#..## . .
..#.#... #.
......### .. .
..#..## # ..
##.. ........
...#. .....
..##..##
..oo$.###......
........
..o..oo@.......
........
.....s..##.....
..####
.....o.l# ...
..# ...o..... .
..# .........
### ##########


You could see 2 orc priests, an orc wizard, 4 orcs, a giant cockroach and a
frilled lizard.

Vanquished Creatures
  A dream sheep (D:3)
  3 orc priests (D:3)
  3 orc wizards (D:3)
  Ijyb (D:4)
  Natasha (D:4)
  An iguana (D:4)
  A worker ant (D:4)
  Robin (D:3)
  6 adders
  An adder skeleton (D:3)
  3 worms
  A dart slug (D:1)
  6 leopard geckos
  9 orcs (D:3)
  2 ball pythons (D:2)
  7 bats
  4 giant cockroaches
  12 goblins
  8 hobgoblins
  A jackal (D:3)
  2 quokkas (D:3)
  6 frilled lizards
  8 kobolds
  11 rats
99 creatures vanquished.

Vanquished Creatures (others)
  4 dream sheep (D:3)
  An orc (D:3)
5 creatures vanquished.

Grand Total: 104 creatures vanquished

Notes
Turn   | Place    | Note
-------+----------+-------------------------------------------
     0 | D:1      | FortyBot the Naga Gladiator began the quest for the Orb.
     0 | D:1      | Reached XP level 1. HP: 19/19 MP: 1/1
   320 | D:1      | You fall through a shaft!
   335 | D:2      | Reached XP level 2. HP: 24/27 MP: 2/2
  1132 | D:1      | Reached XP level 3. HP: 33/33 MP: 3/3
  1634 | D:2      | Reached skill level 4 in Polearms
  1750 | D:2      | Reached XP level 4. HP: 22/42 MP: 4/4
  2129 | D:3      | Found a sparkling altar of Nemelex Xobeh.
  2287 | D:3      | Reached XP level 5. HP: 41/49 MP: 5/5
  2304 | D:3      | Reached skill level 5 in Polearms
  2746 | D:3      | Reached XP level 6. HP: 16/57 MP: 6/6
  3026 | D:3      | Learned a level 2 spell: Blink
  3124 | D:3      | Noticed Robin
  3155 | D:3      | Killed Robin
  3567 | D:3      | Reached skill level 6 in Polearms
  3595 | D:3      | Noticed a dream sheep
  3595 | D:3      | Noticed a dream sheep
  3595 | D:3      | Noticed a dream sheep
  3595 | D:3      | Noticed a dream sheep
  3595 | D:3      | Noticed a dream sheep
  3595 | D:3      | Found a shimmering altar of Xom.
  3598 | D:3      | Killed a dream sheep
  3598 | D:3      | Killed a dream sheep
  3598 | D:3      | Killed a dream sheep
  3598 | D:3      | Killed a dream sheep
  3600 | D:3      | Killed a dream sheep
  3729 | D:3      | Found a hazy altar of Hepliaklqana.
  4058 | D:4      | Learned a level 2 spell: Blink
  4095 | D:4      | Got a shimmering ring mail
  4106 | D:4      | Identified the +3 ring mail of the Engineer {rPois rC+} (You found it on level 4 of the Dungeon)
  4150 | D:4      | Found a shattered altar of Ashenzari.
  4197 | D:4      | Found an opulent altar of Gozag.
  4215 | D:4      | Noticed Ijyb
  4218 | D:4      | Noticed Natasha
  4232 | D:4      | Killed Ijyb
  4232 | D:4      | Reached XP level 7. HP: 38/66 MP: 7/7
  4250 | D:4      | Killed Natasha
  4396 | D:4      | Noticed speculusfracta's ghost (amateur MiFi)
  4423 | D:4      | HP: 1/66 [speculusfracta's ghost (17)]
  4427 | D:4      | Gained mutation: You occasionally shout uncontrollably at your foes. [potion of mutation]
  4427 | D:4      | Gained mutation: Your tail ends in a poisonous barb. [potion of mutation]
  4428 | D:4      | Killed from afar by an orc wizard

Skill      XL: |  1  2  3  4  5  6 |
---------------+-------------------+-----
Polearms       | 4 5 6 |  6.8
Fighting       | 3 4 |  4.4
Throwing       | |  1.7
Dodging        | |  2.4

Action                   |  1- 3 |  4- 6 |  7- 9 || total
-------------------------+-------+-------+-------++-------
Melee: Trident           |   134 |   191 |    37 ||   362
Throw: Throwing net      |       |     3 |     3 ||     6
       Stone             |       |       |     2 ||     2
 Abil: Spit Poison       |     1 |    13 |     1 ||    15
  Use: Scroll            |     3 |     5 |     1 ||     9
       Potion            |       |     2 |     5 ||     7
 Stab: Distracted        |     1 |       |       ||     1
       Held in net/web   |       |     1 |       ||     1
  Eat: Chunk             |     2 |     7 |     1 ||    10
Armor: Leather armour    |    33 |    48 |       ||    81
       Ring mail         |       |    22 |    12 ||    34
       Skin              |       |     4 |       ||     4
Dodge: Dodged            |    54 |    71 |    25 ||   150
